 Dungeon Crawl Stone Soup version 0.31-a0-303-gdc8c9485ea (webtiles) character file.

Game seed: 15338074208928526155

6304 gelatine the Chopper (level 10, -12/53 HPs)
             Began as a Demonspawn Gladiator on July 17, 2023.
             Killed from afar by a wretched star (17 damage)
             ... with a lance of force
             ... on level 1 of the Abyss.
             The game lasted 00:25:12 (8294 turns).

gelatine the Chopper (Demonspawn Gladiator)         Turns: 8294, Time: 00:25:12

Health: -12/53     AC: 15    Str: 15    XL:     10   Next: 63%
Magic:  14/14      EV: 12    Int:  6    God:
Gold:   368        SH: 15    Dex: 10    Spells: 14/14 levels left

rFire   . . .        B - +6 hand axe
rCold   . . .        y - +2 kite shield {reflect}
rNeg    + . .        M - +0 steam dragon scales
rPois   .            k - +2 hat
rElec   .            b - +0 cloak
rCorr   .            r - +0 pair of gloves
SInv    .            (no boots)
Will    .....        (no amulet)
Stlth   ++           z - ring of flight
HPRegen 0.28/turn    D - ring of positive energy
MPRegen 0.14/turn

%: reflection
@: flying, unable to read
A: icy blue scales 2, icemail 1, condensation shield, demonic touch 2, [clumsy
2], [deformed body], [dopey 2], [frail 3], [screaming 2], ([teleportitis 2]),
[weak 2], [inability to read after injury 2]
a: no special abilities


You were on level 1 of the Abyss.
You visited 2 branches of the dungeon, and saw 10 of its levels.
You visited the Abyss 1 time.

You collected 368 gold pieces.

Inventory:

Hand Weapons
 a - a +1 war axe
 q - the +5 mace of Destruction {vamp, Fly rPois rN+++ Will-}
   (You found it on level 2 of the Dungeon)

   rPois:     It protects you from poison.
   rN:        It renders you almost immune to negative energy.
   Fly:       It grants you flight.
   Will:      It decreases your willpower.
 B - a +6 hand axe (weapon)
Missiles
 d - 4 throwing nets
 e - a javelin
 f - a boomerang (quivered)
 G - 6 curare-tipped darts
Armour
 b - a +0 cloak (worn)
 c - a +0 helmet
 k - a +2 hat (worn)
 r - a +0 pair of gloves (worn)
 y - a +2 kite shield of reflection (worn)
 M - +0 steam dragon scales (worn)
Jewellery
 z - a ring of flight (left hand)
 D - a ring of positive energy (right hand)
Wands
 w - a wand of flame (2)
 F - a wand of iceblast (9)
 H - a wand of charming (11)
Scrolls
 j - 5 scrolls of teleportation
 n - a scroll of enchant armour
 s - 3 scrolls of vulnerability
 u - a scroll of enchant weapon
 A - a scroll of amnesia {unknown}
 E - 2 scrolls of fog {unknown}
 J - a scroll of revelation
 L - 2 scrolls of poison {unknown}
Potions
 g - a potion of brilliance
 h - a potion of cancellation
 i - 5 potions of haste
 l - 5 potions of might
 o - 2 potions of magic
 p - 6 potions of curing
 v - 3 potions of mutation {unknown}
 C - a potion of degeneration {unknown}
 K - a potion of berserk rage {unknown}


   Skills:
 * Level 5.7 Fighting
 * Level 7.4(7.7) Axes
 - Level 3.1(5.6) Maces & Flails
 * Level 5.0 Throwing
 * Level 5.2 Armour
 * Level 5.6 Dodging
 + Level 1.5 Stealth
 * Level 6.1 Shields
 + Level 2.7 Spellcasting
 + Level 3.0 Evocations


You had 14 spell levels left.
You didn't know any spells.
Your spell library contained the following spells:

 Spells                   Type           Power      Damage    Failure   Level
 Freeze                   Ice            0%         1d3       71%         1
 Magic Dart               Conj           0%         1d3       71%         1
 Call Imp                 Summ           0%         N/A       83%         2
 Cigotuvi's Dreadful Rot  Necr/Pois/Air  0%         N/A       83%         2
 Sublimation of Blood     Necr           0%         N/A       83%         2
 Wereblood                Tmut           0%         N/A       83%         2
 Frozen Ramparts          Ice            0%         1d1       97%         3
 Hailstorm                Conj/Ice       0%         3d3       97%         3
 Ignite Poison            Fire/Tmut/Pois 0%         N/A       97%         3
 Mephitic Cloud           Conj/Pois/Air  0%         N/A       97%         3
 Ozocubu's Armour         Ice            0%         N/A       97%         3
 Summon Guardian Golem    Hex/Summ       0%         N/A       97%         3
 Freezing Cloud           Conj/Ice/Air   0%         6-21      100%        5
 Metabolic Englaciation   Hex/Ice        0%         N/A       100%        5
 Simulacrum               Ice/Necr       0%         N/A       100%        6
 Orb of Destruction       Conj           0%         9d5       100%        7
 Spellforged Servitor     Conj/Summ      0%         N/A       100%        7
 Summon Hydra             Summ           0%         N/A       100%        7


Dungeon Overview and Level Annotations

Branches:
Dungeon (9/15)             Temple (1/1) D:6             Orc (0/2) D:9
   Lair: D:8-11

Altars:
Ashenzari
Cheibriados
Dithmenos
Fedhas
Gozag
Hepliaklqana
Kikubaaqudgha
Makhleb
Nemelex Xobeh
Okawaru
Qazlal
Ru
Sif Muna
Trog
Uskayaw
Vehumet
Wu Jian
Xom
Yredelemnul

Annotations:
D:4 3 runed translucent doors, LobsterGuardian's ghost, amateur DjNe
D:9 Psyche


Innate Abilities, Weirdness & Mutations

You are mostly covered in icy blue scales. (AC +3)
A meltable icy envelope protects you from harm. (AC +4)
A meltable shield of frost defends you. (SH +4)
Your touch may inflict irresistible damage on your foes.
[You are very clumsy. (Dex -4)]
[Armour fits poorly on your strangely shaped body.]
[You are very dopey. (Int -4)]
[You are extremely frail. (-30% HP)]
[You frequently scream uncontrollably at your foes.]
[((You are often teleported next to monsters.))]
[You are very weak. (Str -4)]
[You sometimes lose the ability to read scrolls when taking damage.]


Message History

The fire bat is severely wounded.
The fire bat misses you. The fire bat closely misses you.
You hit the fire bat.
The fire bat is severely wounded.
The fire bat misses you.
The wretched star pulses with an eldritch light!
You feel frail. x2
The fire bat attacks as you move away! You block the fire bat's attack. x2
You slash the fire bat!
You kill the fire bat!
Your Throwing skill increases to level 5!
The wretched star pulses with an eldritch light!
You feel frail.
Your body twists and deforms.
The wretched star pulses with an eldritch light!
You feel weaker. x2
Your extra speed is starting to run out.
You feel yourself slow down.
Your icy envelope is restored.
The wretched star pulses with an eldritch light!
You feel clumsy. x2
A bone dragon comes into view.
Found a gateway leading out of the Abyss.
The bone dragon bites you!
* * * LOW HITPOINT WARNING * * *
You block the bone dragon's attack. The bone dragon tramples you.
* * * LOW HITPOINT WARNING * * *
You are shoved backwards!
The wretched star pulses with an eldritch light!
You feel weirdly uncertain.
You feel even more weirdly uncertain.
You occasionally lose the ability to read scrolls when taking damage.
You lose the ability to read scrolls when taking damage more often.
You feel much better. The bone dragon bites you!
You feel threatened and lose the ability to read scrolls!
* * * LOW HITPOINT WARNING * * *
You block the bone dragon's attack. The bone dragon tramples you.
* * * LOW HITPOINT WARNING * * *
You hold your ground!
The wretched star glows turbulently.
The lance of force hits you!
You die...

### ######
###.##### #..#..
#.#.@#..
#..#.###.*D#.#
##.##....##.## #
....#.##...#
###.######.#.#.#
#...# .#.#.# #
.## # .. . ≈ #.#
... #∩ .... #*#
.# ..


You could see a bone dragon and a wretched star.

Vanquished Creatures
  A two-headed ogre (D:9)
  Grinder (D:3)
  2 wyverns (D:8)
  A fire bat (Abyss:1)
  12 yaks
  2 steam dragons
  A water moccasin (D:8)
  An orc warrior (D:7)
  A sky beast (D:8)
  An ogre (D:5)
  An ice beast (D:6)
  A centaur (D:8)
  2 phantoms
  3 bullfrogs
  A scorpion (D:5)
  4 wights (D:8)
  24 killer bees
  5 howler monkeys
  4 hounds
  5 orc priests
  2 jellies (D:6)
  A sleepcap (D:5)
  Jessica (D:2)
  2 orc wizards
  Ijyb (D:3)
  7 gnolls
  9 adders
  A white imp (D:6)
  7 worms
  3 dart slugs
  24 orcs
  4 ball pythons
  8 bats
  4 endoplasms
  2 giant cockroaches (D:2)
  6 hobgoblins
  2 quokkas
  7 goblins
  6 kobolds
  5 rats
175 creatures vanquished.

Notes
Turn   | Place    | Note
-------+----------+-------------------------------------------
     0 | D:1      | gelatine the Demonspawn Gladiator began the quest for the
                  | Orb.
     0 | D:1      | Reached XP level 1. HP: 16/16 MP: 1/1
   236 | D:1      | Gained mutation: Your touch may inflict minor irresistible
                  | damage on your foes. [demonic ancestry]
   236 | D:1      | Reached XP level 2. HP: 22/22 MP: 2/2
   353 | D:1      | Reached skill level 3 in Axes
   831 | D:2      | Noticed Jessica
   848 | D:2      | Killed Jessica
   849 | D:2      | Reached XP level 3. HP: 6/27 MP: 3/3
  1062 | D:2      | Identified the +5 mace of Destruction {vamp, Fly rPois
                  | rN+++ Will-}
  1118 | D:2      | Reached XP level 4. HP: 34/34 MP: 4/4
  1905 | D:3      | Reached skill level 1 in Armour
  1978 | D:3      | Noticed Ijyb
  1984 | D:3      | Killed Ijyb
  2047 | D:3      | Gained mutation: A meltable shield of frost defends you.
                  | (SH +4) [demonic ancestry]
  2047 | D:3      | Reached XP level 5. HP: 39/39 MP: 5/5
  2158 | D:3      | Noticed Grinder
  2159 | D:3      | Paralysed by Grinder for 5 turns
  2177 | D:3      | Killed Grinder
  2178 | D:3      | Reached skill level 1 in Maces & Flails
  2178 | D:3      | Reached skill level 1 in Stealth
  2178 | D:3      | Gained mutation: You are partially covered in icy blue
                  | scales. (AC +2) [demonic ancestry]
  2178 | D:3      | Reached XP level 6. HP: 44/47 MP: 6/6
  2686 | D:4      | Reached skill level 4 in Axes
  2782 | D:4      | Reached XP level 7. HP: 52/52 MP: 7/7
  2937 | D:4      | Found a runed translucent gate.
  2937 | D:4      | Found a runed translucent gate.
  2941 | D:4      | Found a runed translucent gate.
  2941 | D:4      | Noticed LobsterGuardian's ghost (amateur DjNe)
  3350 | D:5      | Entered Level 5 of the Dungeon
  3350 | D:5      | Found a burning altar of Makhleb.
  3363 | D:5      | Reached skill level 1 in Shields
  3624 | D:5      | Found a radiant altar of Vehumet.
  3659 | D:5      | Reached skill level 1 in Spellcasting
  3678 | D:5      | Reached skill level 1 in Evocations
  3699 | D:5      | Found a hazy altar of Hepliaklqana.
  4180 | D:6      | Found a staircase to the Ecumenical Temple.
  4190 | Temple   | Entered the Ecumenical Temple
  4276 | D:6      | Noticed a yak
  4277 | D:6      | Noticed a yak
  4277 | D:6      | Noticed a yak
  4278 | D:6      | Noticed a yak
  4279 | D:6      | Noticed a yak
  4279 | D:6      | Noticed a yak
  4295 | D:6      | Killed a yak
  4296 | D:6      | Gained mutation: Your touch may inflict irresistible damage
                  | on your foes. [demonic ancestry]
  4296 | D:6      | Reached XP level 8. HP: 26/59 MP: 10/10
  4317 | D:6      | Reached skill level 5 in Axes
  4612 | D:6      | Gained mutation: You are mostly covered in icy blue scales.
                  | (AC +3) [demonic ancestry]
  4612 | D:6      | Reached XP level 9. HP: 65/65 MP: 12/12
  5923 | D:8      | Reached skill level 5 in Dodging
  5938 | D:8      | Reached skill level 6 in Axes
  6385 | D:8      | Reached skill level 5 in Fighting
  6403 | D:8      | Gained mutation: A meltable icy envelope protects you from
                  | harm. (AC +4) [demonic ancestry]
  6403 | D:8      | Reached XP level 10. HP: 44/74 MP: 14/14
  6531 | D:8      | Reached skill level 5 in Shields
  7204 | D:9      | Reached skill level 5 in Armour
  7299 | D:9      | Found a staircase to the Orcish Mines.
  7320 | D:9      | Reached skill level 7 in Axes
  7909 | D:9      | Noticed a two-headed ogre
  7922 | D:9      | Killed a two-headed ogre
  8119 | D:9      | Noticed Psyche
  8121 | Abyss:1  | Cast into level 1 of the Abyss (Psyche)
  8149 | Abyss:1  | Noticed a thrashing horror
  8180 | Abyss:1  | Noticed a tentacled starspawn
  8190 | Abyss:1  | Noticed a smoke demon
  8191 | Abyss:1  | Noticed a +3 mace of protection
  8223 | Abyss:1  | Noticed a wretched star
  8231 | Abyss:1  | Noticed a large abomination
  8242 | Abyss:1  | Reached skill level 5 in Throwing
  8290 | Abyss:1  | Noticed a bone dragon
  8294 | Abyss:1  | Killed from afar by a wretched star

Illustrated notes

Levels and vault maps discovered:
D:1:      evilmike_arrival_rings, layout_loops_cross
D:2:      layout_basic, chequers_mini_garden, uniq_jessica
D:3:      layout_loops_ring, minmay_fractal_squares_5, uniq_ijyb, uniq_grinder
D:4:      layout_loops_ring, ebering_ghost_rock_garden, nicolae_wormholes
D:5:      layout_loops_cross, mainiacjoe_overflow_large_starburst,
          mainiacjoe_overflow_paths
D:6:      layout_basic, temple_statues
D:7:      layout_cave_pools
D:8:      layout_cave_pods
D:9:      layout_basic, orc_0_dummy, minmay_misc_feat_roman, uniq_psyche
Temple:   hellmonk_temple_of_storms
Abyss:1:  base:
D:5

Skill      XL: |  1  2  3  4  5  6  7  8  9 10 |
---------------+-------------------------------+-----
Throwing       | 2 3 4 5 |  5.0
Dodging        | 3 4 5 |  5.6
Axes           | 3 4 5 6 7 |  7.4
Armour         | 1 2 3 4 5 |  5.2
Fighting       | 3 4 5 |  5.7
Maces & Flails | 1 2 3 |  3.1
Stealth        | 1 |  1.5
Shields        | 1 3 4 6 |  6.1
Spellcasting   | 1 2 |  2.7
Evocations     | 1 2 3 |  3.0

Action                     |  1- 3 |  4- 6 |  7- 9 | 10-12 || total
---------------------------+-------+-------+-------+-------++-------
  Melee: War axe           |    61 |       |       |       ||    61
         Touch             |     4 |    11 |       |       ||    15
         Mace              |     5 |   115 |   153 |    36 ||   309
         Punch             |       |     1 |       |       ||     1
         Hand axe          |       |       |   216 |   145 ||   361
  Throw: Stone             |     3 |       |       |       ||     3
         Throwing net      |       |     1 |     1 |       ||     2
         Boomerang         |       |       |    22 |    11 ||    33
    Use: Scroll            |       |       |    13 |     1 ||    14
         Potion            |       |       |     4 |     2 ||     6
   Stab: Sleeping          |     2 |     4 |     1 |       ||     7
 Armour: Leather armour    |    26 |    36 |       |       ||    62
         Ring mail         |       |    12 |   104 |     7 ||   123
         Chain mail        |       |       |       |    50 ||    50
         Steam dragon scal |       |       |       |    22 ||    22
  Dodge: Dodged            |    58 |    74 |   135 |    76 ||   343
  Block: Other             |       |     4 |       |       ||     4
         Kite shield       |       |     8 |   266 |   174 ||   448
         Reflection        |       |       |     3 |     3 ||     6

Table legend: (Time is in decaauts)
 A = Elapsed time spent in this place.
 B = Non-inter-level travel time spent in this place.
 C = Inter-level travel time spent in this place.
 D = Time resting spent in this place.
 E = Time spent auto-exploring this place.
 F = Levels seen in this place.
 G = Mean time per level.
                   A        B        C        D        E       F      G
               +--------+--------+--------+--------+--------+-----+--------+
         Total |   8452 |   8144 |    308 |      0 |   6024 |  11 |  768.4 |
       Dungeon |   8259 |   7951 |    308 |      0 |   5982 |   9 |  917.7 |
        Temple |     39 |     39 |      0 |      0 |     18 |   1 |   39.0 |
         Abyss |    152 |    152 |      0 |      0 |     24 |   1 |  152.0 |
               +--------+--------+--------+--------+--------+-----+--------+

Top non-repeatable levels by time:
     D:8: 1269 daAuts
     D:9: 1079 daAuts
     D:6: 1064 daAuts
     D:2: 982 daAuts
     D:4: 864 daAuts
     D:5: 846 daAuts
     D:1: 801 daAuts
     D:3: 784 daAuts
     D:7: 566 daAuts
 Abyss:1: 152 daAuts
  Temple: 39 daAuts
